 Dungeon Crawl Stone Soup version 0.24-a0-441-g27f0392e16 (webtiles) character file.

Game seed: 4223129921284534760

1495 KristoblXynda the Covert (level 8, -4/37 HPs)
             Began as a Felid Transmuter on June 20, 2019.
             Was a Follower of Fedhas.
             Slain by a crocodile (5 damage)
             ... on level 10 of the Dungeon.
             The game lasted 00:24:40 (15361 turns).

KristoblXynda the Covert (Felid Transmuter)        Turns: 15361, Time: 00:24:50

Health: -4/37      AC:  2    Str:  8    XL:     8   Next: 51%
Magic:  12/12      EV: 10    Int: 16    God:    Fedhas [*.....]
Gold:   552        SH:  0    Dex: 16    Spells: 3/11 levels left
                                        Lives:  0   Deaths: 2

rFire    . . .     SeeInvis +     - Unarmed
rCold    . . .     Gourm    .   (shield unavailable)
rNeg     . . .     Faith    .   (armour unavailable)
rPois    .         Spirit   .   (helmet unavailable)
rElec    .         Reflect  .   (cloak unavailable)
rCorr    .         Harm     .   (gloves unavailable)
MR       +....                  (boots unavailable)
Stlth    +++++.....             (no amulet)
HPRegen  0.12/turn              b - ring of wizardry (curse)
MPRegen  0.13/turn              j - ring of flight

@: petrifying, slow
A: very small, no armour, no weapons or thrown items, stealth, claws 1, fangs 3,
see invisible, carnivore, speed 1, shaggy fur 2, slow metabolism 1, sharp paws
a: Fungal Bloom, Sunlight, Renounce Religion, Evoke Flight


You were on level 10 of the Dungeon.
You worshipped Fedhas.
Fedhas was aware of your devotion.
You were not hungry.

You visited 2 branches of the dungeon, and saw 11 of its levels.

You collected 552 gold pieces.

Inventory:

Jewellery
 b - a cursed ring of wizardry (left paw)
 j - a ring of flight (right paw)
Scrolls
 f - a scroll of remove curse
 g - 2 scrolls of teleportation
 h - a scroll of magic mapping
 i - a scroll of blinking
 m - 2 scrolls of fog
Potions
 a - a potion of brilliance
 d - a potion of agility
 e - a potion of mutation
 k - a potion of cancellation
 l - a potion of magic
 n - a potion of flight
 o - a potion of curing
 p - 2 potions of resistance
Comestibles
 c - 23 rations


   Skills:
 - Level 5.1 Fighting
 - Level 5.0 Dodging
 - Level 9.0 Stealth
 + Level 7.6 Unarmed Combat
 + Level 2.1 Spellcasting
 + Level 7.9 Transmutations
 + Level 3.4 Invocations


You had 3 spell levels left.
You knew the following spells:

 Your Spells              Type           Power        Failure   Level  Hunger
a - Beastly Appendage     Tmut           ####..       1%          1    #......
b - Spider Form           Tmut/Pois      ##........   4%          3    ###....
c - Ice Form              Ice/Tmut       ##......     16%         4    #####..

Your spell library contained the following spells:

 Spells                   Type           Power        Failure   Level  Hunger
 Sticks to Snakes         Tmut           ####....     1%          2    ###....
 Magic Dart               Conj           #...         9%          1    #......
 Searing Ray              Conj           #.....       12%         2    ###....
 Dazzling Spray           Conj/Hex       #.....       24%         3    ###....
 Blade Hands              Tmut           ####......   9%          5    ######.
 Force Lance              Conj/Tloc      #.......     58%         4    #####..
 Fulminant Prism          Conj/Hex       #.........   58%         4    #####..
 Iskenderun's Mystic Bla  Conj           #.......     58%         4    #####..


Dungeon Overview and Level Annotations

Branches:
Dungeon (10/15)            Temple (1/1) D:7             Orc (0/2) D:9
   Lair: D:8-11

Altars:
Ashenzari
Cheibriados
Dithmenos
Elyvilon
Fedhas
Gozag
Hepliaklqana
Kikubaaqudgha
Makhleb
Nemelex Xobeh
Okawaru
Qazlal
Ru
Sif Muna
Trog
Uskayaw
Vehumet
Wu Jian
Xom
Yredelemnul
Zin
The Shining One

Shops:
D:6 [


Innate Abilities, Weirdness & Mutations

You cannot wear armour.
You are incapable of wielding weapons or throwing items.
Your paws allow you to move quietly. (Stealth)
You have sharp claws.
You have razor-sharp teeth.
You have supernaturally acute eyesight. (SInv)
You are carnivorous and can eat meat at any time.
You cover ground quickly.
You are covered in thick fur. (AC +2)
You have a slow metabolism.
Your sharp claws are effective at attacking unaware monsters.


Message History

You climb downwards.
A basilisk, 2 porcupines, a wolf, a crocodile, a black bear, 4 orcs, a two-headed ogre and a troll come into view.
An orc warrior is wielding a +1 vampiric long sword.
The wolf closely misses you.
A hound comes into view.
An orc wizard comes into view. It is wielding a -1 dagger.
The troll bites you! The troll misses you. The troll closely misses you.
The crocodile bites you! The wolf closely misses you.
The orc wizard closely misses you.
A quasit comes into view.
The basilisk gazes at you.
You are slowing down.
The porcupine twitches its whiskers.
The porcupine bites you.
* * * LOW HITPOINT WARNING * * *
The troll closely misses you. The troll claws you. The troll claws you!
* * * LOW HITPOINT WARNING * * *
The crocodile bites you!
You die...
Fedhas appreciates your contribution to the ecosystem.

#.........
#h ###
##.##..#
#.o....#
#......#
#.oO...#
#rho...#
#.hrl..#
#o@t..#
#.T...#
#.......5.
#oPP.P....
..........
P.P........
P.......♣.P
..P....P....


You could see a two-headed ogre, a troll, a basilisk, an orc warrior, a
crocodile, a black bear, a wolf, 2 porcupines, a hound, 2 orc wizards, a quasit
and 2 orcs.

Vanquished Creatures
  A hippogriff (D:7)
  6 ice beasts
  A sky beast (D:9)
  3 orc warriors
  4 centaurs
  3 ogres
  A bullfrog (D:8)
  3 scorpions
  2 howler monkeys (D:8)
  A crimson imp (D:8)
  A bullfrog zombie (D:7)
  A quasit (D:8)
  14 orc wizards
  2 bullfrog skeletons (D:7)
  3 orc priests
  Jessica (D:4)
  A centaur skeleton (D:6)
  3 iguanas
  6 worker ants
  3 hound skeletons
  A worker ant zombie (D:7)
  11 gnolls
  9 adders
  3 adder zombies
  An adder skeleton (D:8)
  A worm (D:5)
  3 dart slugs
  4 leopard geckos
  36 orcs
  2 bats
  2 giant cockroaches (D:3)
  8 goblins
  3 hobgoblins
  9 jackals
  2 kobolds (D:2)
  3 quokkas
  A ball python (D:4)
  5 frilled lizards
  A leopard gecko skeleton (D:8)
  A quokka skeleton (D:7)
  8 rats
  A spectral orc (D:5)
175 creatures vanquished.

Vanquished Creatures (collateral kills)
  An ogre (D:5)
  A hound (D:5)
  A leopard gecko (D:5)
3 creatures vanquished.

Vanquished Creatures (others)
  35 toadstools
35 creatures vanquished.

Grand Total: 213 creatures vanquished

Notes
Turn   | Place    | Note
-------+----------+-------------------------------------------
     0 | D:1      | KristoblXynda the Felid Transmuter began the quest for the
                  | Orb.
     0 | D:1      | Reached XP level 1. HP: 9/9 MP: 4/4
   191 | D:1      | Reached XP level 2. HP: 9/12 MP: 6/6
   212 | D:1      | You fall into a shaft and drop 1 floor!
   504 | D:2      | Found a snail-covered altar of Cheibriados.
   504 | D:2      | Found a burning altar of Makhleb.
   504 | D:2      | Found a white marble altar of Elyvilon.
  1309 | D:2      | Reached XP level 3. HP: 15/15 MP: 7/7
  1508 | D:2      | Learned a level 3 spell: Spider Form
  1511 | D:2      | Learned a level 2 spell: Sticks to Snakes
  2466 | D:3      | Reached XP level 4. HP: 16/19 MP: 8/8
  3141 | D:3      | Noticed Terence
  3144 | D:3      | Noticed Terence
  3144 | D:3      | Terence changed into Terence the orc
  3149 | D:3      | Killed Terence the orc
  3541 | D:4      | Reached XP level 5. HP: 19/22 MP: 9/9
  3616 | D:4      | Reached skill level 1 in Stealth
  4109 | D:4      | Found a sparkling altar of Nemelex Xobeh.
  4109 | D:4      | Noticed Jessica
  4126 | D:4      | Killed Jessica
  4531 | D:4      | Reached skill level 2 in Stealth
  4559 | D:4      | Gained mutation: You are covered in thick fur. (AC +2)
                  | [Felid growth]
  4559 | D:4      | Reached XP level 6. HP: 22/27 MP: 7/10
  4983 | D:5      | Entered Level 5 of the Dungeon
  5025 | D:5      | Reached skill level 3 in Stealth
  5028 | D:5      | HP: 1/28 [orc/+0 mace (4)]
  5030 | D:5      | Noticed an ice beast
  5872 | D:5      | Killed an ice beast
  5872 | D:5      | Reached XP level 7. HP: 8/31 MP: 7/11
  6306 | D:5      | Reached skill level 4 in Stealth
  6311 | D:5      | Reached skill level 5 in Unarmed Combat
  6948 | D:5      | Reached skill level 5 in Transmutations
  7090 | D:5      | Identified the +9 chain mail "Edesae" {rF+}
  7952 | D:5      | Reached skill level 5 in Stealth
  8094 | D:5      | Found a basalt altar of Yredelemnul.
  8276 | D:6      | HP: 1/32 [orc priest/divine providence (8)]
  8739 | D:6      | Found a hide-covered altar of Uskayaw.
  9002 | D:6      | Reached XP level 8. HP: 21/36 MP: 9/12
  9345 | D:6      | Found Leakla's Antique Armour Shop.
  9471 | D:7      | Shot with an arrow by a centaur
  9472 | D:7      | Reached XP level 7. HP: 0/33 MP: 10/11
  9661 | D:7      | Reached skill level 6 in Stealth
 10029 | D:7      | Noticed a hippogriff
 10047 | D:7      | Killed a hippogriff
 10047 | D:7      | Reached skill level 5 in Fighting
 10339 | D:7      | Learned a level 4 spell: Ice Form
 10369 | D:7      | Reached XP level 8. HP: 27/37 MP: 12/12
 10653 | D:7      | Reached skill level 7 in Stealth
 11087 | D:7      | Found a staircase to the Ecumenical Temple.
 11103 | D:7      | Reached skill level 5 in Dodging
 11276 | Temple   | Entered the Ecumenical Temple
 11288 | Temple   | Became a worshipper of Fedhas Madash
 11663 | D:8      | Reached skill level 1 in Invocations
 11919 | D:8      | Identified the +1 leather armour "Qoum Joe" {rPois MR-
                  | Int+6}
 11944 | D:8      | Reached skill level 8 in Stealth
 12696 | D:8      | Reached XP level 9. HP: 23/40 MP: 9/13
 13492 | D:9      | Reached * piety under Fedhas
 13699 | D:9      | HP: 2/40 [poisoned by an orc wizard]
 13707 | D:9      | HP: 1/40 [poisoned by an orc wizard]
 14360 | D:9      | Found a glowing golden altar of the Shining One.
 14361 | D:9      | Found a hazy altar of Hepliaklqana.
 14361 | D:9      | Found a shimmering altar of Xom.
 14505 | D:9      | Found a staircase to the Orcish Mines.
 14640 | D:9      | Slain by an orc warrior
 14641 | D:9      | Reached XP level 8. HP: -4/37 MP: 9/12
 14830 | D:9      | Reached skill level 9 in Stealth
 14876 | D:10     | Entered Level 10 of the Dungeon
 15361 | D:10     | Noticed a troll
 15361 | D:10     | Noticed a two-headed ogre
 15361 | D:10     | HP: 1/37 [troll (10)]
 15361 | D:10     | Slain by a crocodile

Levels and vault maps discovered:
D:1:      lemuel_arrival_hallway, layout_basic, serial_bayou_ford_a,
          minmay_misc_feat_iff
D:2:      layout_loops_cross, gammafunk_temple_overflow_forgotten, first_ration,
          minmay_lizard_pond
D:3:      layout_basic, uniq_terence
D:4:      layout_loops_cross, nemelex_lonely_heart_becter
D:5:      layout_basic, yredelemnul_forgotten_temple_becter,
          kennysheep_generic_room_6
D:6:      layout_loops_ring, basic_altar, serial_shops,
          nicolae_shop_behind_doors, kennysheep_nub,
          chequers_serial_rivers_micro_c
D:7:      layout_layer_cave, minmay_temple_entry_junction, grunt_ogre_cave
D:8:      layout_cave_pools, hangedman_abyss_or_decor_stagger
D:9:      layout_roguey, chequers_temple_overflow_statue_of_worship, orc_0_dummy
D:10:     layout_gridville, minmay_lair_entry_grove, minmay_misc_feat_tiny
Temple:   minmay_freezing_vapour_temple

Skill      XL: |  1  2  3  4  5  6  7  8  9 |
---------------+----------------------------+-----
Dodging        | 3 4 5 |  5.0
Fighting       | 2 3 5 |  5.1
Transmutations | 3 4 6 7 |  7.9
Stealth        | 2 3 6 9 |  9.0
Unarmed Combat | 4 6 7 |  7.6
Invocations    | 2 3 |  3.4
Spellcasting   | |  2.1

Action                   |  1- 3 |  4- 6 |  7- 9 || total
-------------------------+-------+-------+-------++-------
Melee: Unarmed           |   101 |   166 |   402 ||   669
       Bite              |     8 |    13 |    14 ||    35
       Headbutt          |     4 |     2 |     3 ||     9
       Punch             |     1 |     2 |     3 ||     6
 Cast: Beastly Appendage |     4 |     1 |     1 ||     6
       Spider Form       |       |     9 |    31 ||    40
       Sticks to Snakes  |       |     8 |     4 ||    12
Invok: Fungal Bloom      |       |       |    18 ||    18
       Sunlight          |       |       |     2 ||     2
Evoke: Wand              |       |     1 |       ||     1
  Use: Potion            |       |     5 |     3 ||     8
       Scroll            |       |     7 |     9 ||    16
 Stab: Sleeping          |     5 |     4 |    16 ||    25
       Distracted        |       |       |     2 ||     2
  Eat: Chunk             |    10 |     8 |    20 ||    38
Armor: Skin              |     5 |     4 |    11 ||    20
Dodge: Dodged            |    76 |   157 |   349 ||   582

Table legend:
 A = Non-vault XP
 B = Vault XP
 C = Vault XP percentage of total XP
 D = Non-vault monster count
 E = Vault monster count
 F = Vault count percentage of total count
                 A         B        C        D         E       F
            +---------+---------+-------+---------+---------+-------
      Total |    4514 |     182 |   3.9 |     170 |       8 |   4.5
            +---------+---------+-------+---------+---------+-------
        D:1 |      14 |       0 |   0.0 |       6 |       0 |   0.0
        D:2 |      39 |       3 |   7.1 |      14 |       3 |  17.6
        D:3 |     132 |       3 |   2.2 |      26 |       1 |   3.7
        D:4 |     292 |      37 |  11.2 |      23 |       1 |   4.2
        D:5 |     773 |      14 |   1.8 |      20 |       2 |   9.1
        D:6 |     295 |       0 |   0.0 |      12 |       0 |   0.0
        D:7 |     922 |     125 |  11.9 |      19 |       1 |   5.0
        D:8 |    1150 |       0 |   0.0 |      33 |       0 |   0.0
        D:9 |     704 |       0 |   0.0 |      12 |       0 |   0.0
       D:10 |     193 |       0 |   0.0 |       5 |       0 |   0.0
            +---------+---------+-------+---------+---------+-------
